 Dungeon Crawl Stone Soup version 0.19-a0-1111-gcceb26a (webtiles) character file.

86 Elitist the Charmwright (level 4, -3/30 HPs)
             Began as a High Elf Skald on Aug 10, 2016.
             Slain by a worm (9 damage)
             ... on level 3 of the Dungeon.
             The game lasted 00:05:27 (2512 turns).

Elitist the Charmwright (High Elf Skald)            Turns: 2512, Time: 00:05:27

Health: -3/30      AC:  4    Str: 12    XL:     4   Next: 26%
Magic:  3/9        EV: 11    Int: 15    God:
Gold:   98         SH:  0    Dex: 15    Spells: 4 memorised, 1 level left

rFire  . . .     SeeInvis .     a - +0 falchion
rCold  . . .     Gourm    .     b - +0 leather armour
rNeg   . . .     Faith    .     (no shield)
rPois  .         Spirit   .     (no helmet)
rElec  .         Dismiss  .     f - +0 cloak
rCorr  .         Reflect  .     (no gloves)
SustAt .         Harm     .     (no boots)
MR     .....                    (no amulet)
Stlth  +.........               (no ring)
                                (no ring)

@: infused
A: no striking features
a: no special abilities


You were on level 3 of the Dungeon.
You were hungry.

You visited 1 branch of the dungeon, and saw 3 of its levels.

You collected 98 gold pieces.

Inventory:

Hand Weapons
 a - a +0 falchion (weapon)
Missiles
 j - a throwing net
 r - 4 javelins (quivered)
Armour
 b - a +0 leather armour (worn)
 f - a +0 cloak (worn)
Scrolls
 e - a scroll of blinking {unknown}
 h - 2 scrolls of enchant weapon {unknown}
 i - 3 scrolls of identify {unknown}
 k - 2 scrolls of remove curse {unknown}
 l - a scroll of amnesia {unknown}
 n - 3 scrolls of teleportation {unknown}
 o - a scroll of random uselessness {unknown}
 p - a scroll of recharging {unknown}
 s - a scroll of magic mapping {unknown}
Potions
 m - a potion of agility {unknown}
 q - a potion of might {unknown}
Books
 c - a book of Battle

   Spells                             Type                      Level
   a - Infusion                       Charms                       1
   b - Shroud of Golubria             Charms/Translocation         2
   c - Song of Slaying                Charms                       2
   d - Spectral Weapon                Hexes/Charms                 3
   e - Regeneration                   Charms/Necromancy            3
Comestibles
 d - 3 bread rations
 g - 6 fruits
 t - a royal jelly
 u - 2 chunks of flesh


   Skills:
 + Level 2.8 Fighting
 + Level 3.4 Long Blades
 - Level 0.8 Armour
 - Level 1.1 Dodging
 + Level 3.2 Spellcasting
 + Level 4.3 Charms
 + Level 0.2 Necromancy


You had one spell level left.
You knew the following spells:

 Your Spells              Type           Power        Failure   Level  Hunger
a - Infusion              Chrm           ###.         4%          1    #......
b - Song of Slaying       Chrm           ###.....     8%          2    ##.....
c - Shroud of Golubria    Chrm/Tloc      #.........   17%         2    ##.....
d - Regeneration          Chrm/Necr      #.........   30%         3    ###....


Dungeon Overview and Level Annotations

Branches:
Dungeon (3/15)

Altars:
Yredelemnul


Message History

Space distorts slightly along a thin shroud covering your body.
The worm bites you!
You hit the worm.
The worm is moderately wounded.
You barely miss the worm.
The worm is moderately wounded.
The worm misses you.
You hit the worm.
The worm is heavily wounded.
The worm bites you!
* * * LOW HITPOINT WARNING * * *
Your shroud falls apart!
You barely miss the worm.
The worm is moderately wounded.
A jackal comes into view.
The jackal barks!
You hit the worm!
The worm is almost dead.
The worm bites you!
You die...

# .......#..# ## ..
#.#.##.#.#..## .#
....#.#.##.#.....# .##
........[...##...##..#
...#.#.##).##.......+
........##..##.#.###.#..
............##.#.###....
............w......h.....
..####.###...@...####.....
. .................>.#.
#.###..##.#.#####..#
.................
.####.##.#######
#............
.##..##.#####.#..#
.....##'#####.#..##.#
.##........##.#...#.#


You could see a worm and a jackal.

Vanquished Creatures
  3 adders (D:2)
  An ooze (D:2)
  A worm (D:2)
  A giant gecko (D:2)
  5 orcs (D:3)
  A giant cockroach (D:2)
  4 goblins
  5 hobgoblins
  4 jackals (D:2)
  5 kobolds
  7 bats
  3 giant newts
  7 rats
47 creatures vanquished.

Notes
Turn   | Place    | Note
-------+----------+-------------------------------------------
     0 | D:1      | Elitist the High Elf Skald began the quest for the Orb.
     0 | D:1      | Reached XP level 1. HP: 14/14 MP: 4/4
   508 | D:1      | Reached XP level 2. HP: 14/20 MP: 6/6
   945 | D:1      | Reached skill level 4 in Charms
  1046 | D:1      | Learned a level 2 spell: Song of Slaying
  1049 | D:1      | Learned a level 2 spell: Shroud of Golubria
  1208 | D:2      | Reached XP level 3. HP: 20/25 MP: 0/8
  1427 | D:2      | Learned a level 3 spell: Regeneration
  1825 | D:2      | Found a basalt altar of Yredelemnul.
  1869 | D:2      | Reached XP level 4. HP: 19/30 MP: 9/9
  2512 | D:3      | Slain by a worm

Vault maps used:
D:1:      nicolae_arrival_washed_ashore
D:2:      marbit_many_paths, serial_bayou_pond_c
D:3:      cheibriados_altar_wand_db

Skill      XL: |  1  2  3 |
---------------+----------+-----
Charms         | 4 |  4.3
Long Blades    | 3 |  3.4
Spellcasting   | 3 |  3.2
Fighting       | |  2.8
Armour         | |  0.8
Dodging        | |  1.1
Necromancy     | |  0.2

Action                   |  1- 3 |  4- 6 || total
-------------------------+-------+-------++-------
Melee: Falchion          |   141 |    39 ||   180
 Cast: Infusion          |     4 |     1 ||     5
       Song of Slaying   |     1 |     1 ||     2
       Shroud of Golubri |     1 |     2 ||     3
 Abil: Stop Singing      |     1 |     1 ||     2
 Stab: Sleeping          |       |     1 ||     1
  Eat: Chunk             |     3 |     2 ||     5
Armor: Leather armour    |    40 |    13 ||    53
Dodge: Dodged            |    76 |    19 ||    95
